 Dungeon Crawl Stone Soup version 0.18-a0-1120-g03bd624 (webtiles) character file.

134775 Gorice the Brawler (level 17, -9/140 HPs)
             Began as a Ghoul Wanderer on Jan 16, 2016.
             Was a High Priest of Ru.
             Mangled by Mara (illusionary)
             ... wielding a +6 demon trident of electrocution
              (15 damage)
             ... on level 3 of the Swamp on Jan 17, 2016.
             The game lasted 03:56:17 (34748 turns).

Gorice the Brawler (Ghoul Wanderer)                Turns: 34748, Time: 03:56:17

Health: -9/140     AC: 25    Str: 24    XL:     17   Next: 17%
Magic:  15/15      EV:  6    Int:  9    God:    Ru [*****.]
Gold:   2066       SH:  0    Dex: 12    Spells: 0 memorised, 16 levels left

rFire  + . .     SeeInvis .       - Unarmed
rCold  + . .     Gourm    .     H - +3 plate armour {rPois}
rNeg   + + +     Faith    .     (no shield)
rPois  ∞         Spirit   .     A - +1 helmet of Seocawi {Str+5 Int+2}
rElec  .         Dismiss  .     P - +1 cloak {+Inv}
rCorr  .         Reflect  .     (no gloves)
SustAt .         Harm     .     g - +0 pair of boots
MR     +++..                    D - amulet of regeneration
Stlth  ..........               r - ring of the Forsaken Curses {rPois MR++ EV-2}
                                M - ring of protection from fire

@: about to teleport, rotting, extremely resistant to hostile enchantments,
extremely unstealthy
A: rotting body, claws 1, carnivore 3, cold resistance 1, frail 1, low mp 2,
negative energy resistance 3, slow regeneration 2, torment resistance,
unbreathing, no charms magic, no poison magic, no transmutations magic,
disrupted magic 3, missing an eye
a: Draw Out Power, Power Leap, Apocalypse, Renounce Religion, Evoke Invisibility


You were on level 3 of the Swamp.
You worshipped Ru.
Ru was extremely pleased with you.
You were not hungry.

You visited 5 branches of the dungeon, and saw 29 of its levels.
You also visited: Labyrinth, Ossuary and Bailey.

You collected 3130 gold pieces.
You spent 1064 gold pieces at shops.

Inventory:

Hand Weapons
 b - a +1 blowgun
Missiles
 m - 56 poisoned needles
 y - 29 tomahawks of returning (quivered)
 S - 5 curare-tipped needles
 Y - 5 javelins of penetration
Armour
 g - a +0 pair of boots (worn)
 A - the +1 helmet of Seocawi (worn) {Str+5 Int+2}
   (You found it on level 6 of the Lair of Beasts)

   It affects your strength (+5).
   It affects your intelligence (+2).
 H - a +3 plate armour of poison resistance (worn)
   (You found it in a bailey)
 P - a +1 cloak of invisibility (worn)
   (You found it on level 8 of the Lair of Beasts)
Jewellery
 l - an uncursed ring of protection from fire
 o - an uncursed ring of flight
 r - the ring of the Forsaken Curses (right claw) {rPois MR++ EV-2}
   (You found it on level 8 of the Lair of Beasts)

   [ring of evasion]

   It affects your evasion (-2).
   It protects you from poison.
   It affects your resistance to hostile enchantments.
 C - an uncursed ring of resist corrosion
 D - an amulet of regeneration (around neck)
 M - a ring of protection from fire (left claw)
 O - an uncursed amulet of dismissal
Wands
 i - a wand of paralysis (16/24)
 n - a wand of cold (7/15)
 q - a wand of teleportation (2/9) {!d}
 x - a wand of digging (16/24)
 z - a wand of heal wounds (9/9) {!d}
 B - a wand of polymorph (8/24)
Scrolls
 c - 8 scrolls of teleportation {!r}
 h - 4 scrolls of blinking
 j - 3 scrolls of fear {!r}
 k - 11 scrolls of remove curse
 u - 2 scrolls of fog
 v - a scroll of vulnerability {!r!r}
 w - 2 scrolls of torment {!r}
 K - 2 scrolls of identify
 V - 3 scrolls of magic mapping {!r}
Potions
 a - a potion of heal wounds {!q}
 f - a potion of might {!q}
 t - 14 potions of curing
 E - 3 potions of agility {!q}
 N - 2 potions of resistance {!q}
 R - a potion of invisibility {!q}
 T - 2 potions of cancellation {!q}
Books
 e - a book of Burglary
Miscellaneous
 d - a box of beasts
 G - a sack of spiders {used: 1}
 I - a lamp of fire
 L - a lantern of shadows
Comestibles
 p - 6 chunks of flesh
 s - 9 beef jerkies
 F - a meat ration {!e}


   Skills:
 - Level 15.0 Fighting
   Level 1.0 Crossbows
 - Level 10.1 Throwing
 + Level 13.1 Armour
 - Level 1.0 Dodging
 - Level 3.2 Stealth
 - Level 20.0 Unarmed Combat
 + Level 4.7 Evocations


You had 16 spell levels left.
You didn't know any spells.

Dungeon Overview and Level Annotations

Branches:
Dungeon (15/15)            Temple (1/1) D:7            Lair (8/8) D:9
  Swamp (3/4) Lair:6       Spider (0/4) Lair:5        Slime (0/6) Lair:8
    Orc (2/2) D:10            Elf (0/3) Orc:2        Vaults (0/5) D:13
 Depths (0/5) D:15

Altars:
Ashenzari
Cheibriados
Dithmenos
Elyvilon
Fedhas
Gozag
Kikubaaqudgha
Makhleb
Nemelex Xobeh
Okawaru
Pakellas
Qazlal
Ru
Sif Muna
Trog
Vehumet
Xom
Yredelemnul
Zin
The Shining One
Beogh

Shops:
D:14 (   Orc:2 }([[

Annotations:
Lair:8 MDA behind trees
Swamp:3 Mara


Innate Abilities, Weirdness & Mutations

Your body is rotting away.
You thrive on raw meat.
You are immune to poison.
You have sharp fingernails.
You are carnivorous and can eat meat at any time.
Your flesh is cold resistant.
You are frail (-10% HP).
Your magical capacity is very low (-20% MP).
You are immune to negative energy.
You do not regenerate naturally when monsters are visible.
You are immune to unholy pain and torment.
You can survive without breathing.
You cannot study or cast Charms magic.
You cannot study or cast Poison magic.
You cannot study or cast Transmutations magic.
Your casting is seriously disrupted.
You are missing an eye, making it more difficult to aim.


Message History

Aim: Mara, wielding a demon trident of electrocution and wearing an embroidered robe (lightly wounded)
You throw a tomahawk of returning.
The tomahawk of returning hits Mara but does no damage.
Mara is lightly wounded.
The tomahawk of returning returns to your pack!
Mara gestures at you. The bolt of fire hits you! You resist.
The tree smolders and burns.
You focus your will and illuminate Mara in retribution!
Mara hits you from afar with a demon trident of electrocution!
You are electrocuted!
You focus your will and blind Mara in retribution!
Damage: 30 (max 30) Mara is no longer blind.
Mara splashes around in the water.
Mara hits you with a demon trident of electrocution! x2
Damage: 27 (max 30)
You closely miss Mara.
Mara is lightly wounded.
You closely miss Mara.
Mara is lightly wounded.
Mara hits you with a demon trident of electrocution!!
* * * LOW HITPOINT WARNING * * *
Mara says, "What good are steel and magic against my illusions?"
Mara barely misses you.
Mara hits you with a demon trident of electrocution.
* * * LOW HITPOINT WARNING * * *
Damage: 27 (max 30) Unknown command.
Mara hits you but does no damage.
Read which item? (? for menu, Esc to quit)
Really read
c - 9 scrolls of teleportation {!r}?
As you read the scroll of teleportation {!r}, it crumbles to dust.
You feel strangely unstable.
Mara gestures.
There is a horrible, sudden wrenching feeling in your soul!
Mara hits you from afar with a demon trident of electrocution!
* * * LOW HITPOINT WARNING * * *
You are electrocuted!
* * * LOW HITPOINT WARNING * * *
Damage: 26 (max 30) Drink which item? (? for menu, Esc to quit)
Really quaff
a - 2 potions of heal wounds {!q}?
You feel much better.
Mara gestures.
Mara blinks!
Mara gestures.
Mara blinks!
Mara hits you from afar with a demon trident of electrocution!
* * * LOW HITPOINT WARNING * * *
You are electrocuted!
You die...

♣♣≈♣>≈≈.≈≈≈§......§≈≈≈.≈≈♣≈≈
♣.≈≈≈.R....≈≈.......≈.≈♣≈.≈.
♣♣.§.≈≈.≈≈....≈≈♣.♣♣≈≈≈≈...♣♣
♣≈≈≈....♣≈.@..≈♣♣ ♣♣≈♣≈≈§.♣♣♣
♣<.......≈...≈≈♣ ♣≈≈♣♣≈.♣
♣.≈.≈.<.≈≈≈≈§.♣♣ ♣♣.....♣
♣♣≈≈.≈≈.≈≈≈≈≈§R♣ ♣≈≈..♣♣
♣≈.≈≈≈≈≈≈≈≈≈≈..♣♣ ♣♣.♣..♣
♣≈..≈≈≈≈≈≈≈≈≈@..♣ ♣.≈.♣♣
♣.♣≈≈≈≈≈≈≈≈≈..R≈♣ ♣.≈.♣
≈♣♣.≈≈≈≈≈≈≈..≈.♣♣ ♣♣...♣
♣♣..≈≈≈[...≈≈♣♣ ♣..≈≈♣
♣♣.......♣≈≈≈≈♣ ♣♣≈.♣♣
♣.♣.≈..♣♣♣.≈≈≈♣ ♣≈≈♣
♣.♣≈...♣.♣[≈≈≈♣ ♣♣♣♣.♣
♣....≈...≈.≈≈.♣ ♣♣.♣♣.♣
♣.♣..≈≈..♣.≈≈.♣♣♣♣.≈≈..♣


You could see 3 Maras and Gorice's illusion.

Vanquished Creatures
  Frances (Swamp:1)
  Kirke (D:12)
  The ghost of namelastname112 the Brawler, an adept DrWz of Ru (Swamp:2)
  2 orc warlords
  Louise (Swamp:1)
  Maud (D:10)
  A stone giant (Orc:2)
  5 dire elephants (Lair:8)
  A vault guard (D:13)
  Josephine (Swamp:1)
  A minotaur (Lab)
  A fire dragon (D:13)
  Snorg (D:10)
  An ettin (Orc:2)
  A yaktaur captain (D:15)
  13 hydras
  An anaconda (Lair:8)
  Erica (Orc:1)
  A centaur warrior (D:15)
  7 death yaks
  7 alligators
  Nergalle (Orc:1)
  3 orc high priests (Orc:2)
  3 skeletal warriors (D:14)
  3 unseen horrors
  A shambling mangrove (Swamp:2)
  8 orc knights
  3 swamp dragons
  A harpy (Lair:8)
  22 ugly things
  5 hill giants
  2 wolf spider zombies (D:15)
  A deep elf mage (D:15)
  3 griffons
  5 orc sorcerers (Orc:2)
  A cyclops (D:13)
  3 hornets
  11 elephants
  6 manticores
  The ghost of gorblad the Sneak, a novice OgAs (D:5)
  2 black mambas
  An octopode (shapeshifter) (D:13)
  3 gargoyles
  15 spiny frogs
  2 yaktaurs (D:15)
  A kobold demonologist (D:13)
  2 fire drakes (Lair:8)
  An efreet (D:14)
  9 komodo dragons
  A queen bee (Lair:5)
  4 trolls
  A merfolk (D:10)
  A queen bee (shapeshifter) (D:15)
  6 giant leeches
  A polar bear (Lair:6)
  12 slime creatures
  14 blink frogs
  5 two-headed ogres
  5 bog bodies
  A centaur simulacrum (D:14)
  4 shadows
  A tarantella (Lair:5)
  A vampire (D:15)
  6 wraiths
  11 wyverns
  A spriggan (Swamp:1)
  A hog (D:10)
  9 basilisks
  28 yaks
  13 hippogriffs
  2 hungry ghosts (D:13)
  A steam dragon (D:12)
  10 vampire mosquitoes
  21 wolves
  A mottled dragon (D:15)
  4 wargs
  17 swamp worms
  13 insubstantial wisps
  2 soldier ants (D:12)
  15 water moccasins
  Duvessa (D:4)
  3 hell hounds (Lair:8)
  17 porcupines
  5 swamp drakes
  24 orc warriors
  5 sky beasts
  7 wasps
  9 black bears
  2 ice beasts
  3 necrophages
  11 ogres
  9 centaurs
  17 crocodiles
  6 big kobolds
  3 gnoll sergeants (D:10)
  An elf skeleton (D:9)
  18 giant frogs
  A wyvern zombie (D:7)
  Dowan (D:4)
  A wyvern skeleton (D:11)
  13 scorpions
  13 wights
  24 killer bees
  10 electric eels (D:10)
  2 troll skeletons (Lab)
  4 lava snakes (Lab)
  12 crimson imps
  6 centaur zombies
  A wyvern simulacrum (D:14)
  2 giant frog zombies
  4 human zombies
  18 jellies
  A quasit (D:7)
  5 hounds
  27 orc wizards
  2 giant frog skeletons
  26 orc priests
  4 centaur skeletons
  3 gnoll shamans (D:10)
  8 iguanas
  7 worker ants
  2 human skeletons (D:9)
  34 sheep
  2 big kobold zombies (Ossuary)
  A hound zombie (D:7)
  2 hound skeletons
  9 mummies
  2 worker ant zombies
  8 gnolls
  A scorpion zombie (Ossuary)
  17 adders
  73 river rats
  A shadow imp (D:6)
  An ooze (D:3)
  2 adder zombies
  2 adder skeletons
  3 worms
  9 giant geckos
  79 orcs
  8 bats
  7 giant cockroaches
  19 goblins
  13 hobgoblins
  8 jackals
  29 kobolds
  4 quokkas
  2 ball pythons
  A giant cockroach zombie (D:5)
  4 giant newts
  4 gnoll zombies (Ossuary)
  A goblin zombie (Ossuary)
  4 hobgoblin zombies (Ossuary)
  A kobold zombie (Ossuary)
  4 orc zombies (Ossuary)
  5 quokka skeletons
  A quokka zombie (D:6)
  5 rats
  A plant (Lair:5)
1086 creatures vanquished.

Vanquished Creatures (others)
  A black mamba (Lair:8)
  A yak (Lair:4)
  A human (D:12)
  A vampire mosquito (Swamp:3)
  2 centaurs
  A killer bee (Lair:5)
  2 orc wizards
  2 orcs
  A kobold (D:14)
  28 fungi
  47 plants
87 creatures vanquished.

Grand Total: 1173 creatures vanquished

Notes
Turn   | Place    | Note
--------------------------------------------------------------
     0 | D:1      | Gorice the Ghoul Wanderer began the quest for the Orb.
     0 | D:1      | Gorice set off with: 2 potions of heal wounds {!q}, a +0 quarterstaff, a scroll of teleportation {!r}, a +0 robe, a +0 dagger, a meat ration {!e}
     0 | D:1      | Reached XP level 1. HP: 16/16 MP: 0/0
   337 | D:1      | Reached XP level 2. HP: 20/23 MP: 1/1
   438 | D:1      | Reached skill level 4 in Unarmed Combat
   974 | D:2      | You fall through a shaft!
   987 | D:3      | Reached XP level 3. HP: 22/29 MP: 2/2
  1137 | D:3      | Reached skill level 2 in Fighting
  1236 | D:2      | Found a white marble altar of Elyvilon.
  1355 | D:2      | Reached XP level 4. HP: 36/36 MP: 3/3
  1459 | D:2      | Found a sparkling altar of Nemelex Xobeh.
  1558 | D:2      | Reached skill level 5 in Unarmed Combat
  1911 | D:2      | HP: 9/37 [gnoll (6)]
  1913 | D:2      | Reached XP level 5. HP: 10/44 MP: 4/4
  1977 | D:2      | Found a shimmering altar of Xom.
  2394 | D:3      | Found a shadowy altar of Dithmenos.
  2441 | D:3      | Reached skill level 3 in Fighting
  3164 | D:3      | Upgraded the game from 0.18-a0-1109-gfc003ac to 0.18-a0-1120-g03bd624
  3413 | D:4      | Noticed Duvessa
  3716 | D:4      | Found an opulent altar of Gozag.
  3773 | D:4      | Reached skill level 6 in Unarmed Combat
  3815 | D:4      | Reached XP level 6. HP: 40/50 MP: 5/5
  3838 | D:4      | Found a glowing silver altar of Zin.
  4063 | D:4      | Reached skill level 4 in Fighting
  4390 | D:4      | Noticed Dowan
  4398 | D:4      | HP: 13/52 [Duvessa/short sword of holy wrath (3)]
  4637 | D:5      | Entered Level 5 of the Dungeon
  4640 | D:5      | Noticed gorblad's ghost (novice OgAs)
  4799 | D:5      | Reached skill level 7 in Unarmed Combat
  4917 | D:5      | Killed gorblad's ghost
  4917 | D:5      | Reached skill level 5 in Fighting
  4917 | D:5      | Reached skill level 8 in Unarmed Combat
  4917 | D:5      | Reached XP level 7. HP: 29/61 MP: 6/6
  4938 | D:5      | Found a radiant altar of Vehumet.
  5081 | D:5      | Found a sand-covered staircase.
  5096 | Ossuary  | Entered an ossuary
  5119 | Ossuary  | Reached XP level 8. HP: 69/69 MP: 7/7
  5224 | Ossuary  | Reached skill level 9 in Unarmed Combat
  5363 | Ossuary  | Reached skill level 6 in Fighting
  5644 | D:5      | Reached skill level 10 in Unarmed Combat
  5687 | D:5      | Found an oddly glowing altar of Pakellas.
  5987 | D:6      | Reached skill level 7 in Fighting
  6121 | D:6      | Found a sacrificial altar of Ru.
  6121 | D:6      | Found an iron altar of Okawaru.
  6251 | D:6      | Became a worshipper of Ru the Awakened
  6304 | D:6      | Reached XP level 9. HP: 72/79 MP: 8/8
  6554 | D:6      | Found an ancient bone altar of Kikubaaqudgha.
  6628 | D:6      | Reached skill level 11 in Unarmed Combat
  7079 | D:4      | Killed Duvessa
  7118 | D:4      | Killed Dowan
  7118 | D:4      | Reached skill level 8 in Fighting
  7497 | D:7      | Reached skill level 12 in Unarmed Combat
  7565 | D:7      | HP: 20/82 [mummy (11)]
  7772 | D:7      | Gained mutation: Your casting is slightly disrupted. [Ru sacrifice]
  7818 | D:7      | Reached XP level 10. HP: 74/90 MP: 9/9
  8132 | D:7      | Found a staircase to the Ecumenical Temple.
  8152 | D:7      | Reached skill level 9 in Fighting
  8413 | D:7      | Found a stormy altar of Qazlal.
  8582 | Temple   | Entered the Ecumenical Temple
  8887 | D:8      | Reached skill level 13 in Unarmed Combat
  9185 | D:9      | Gained mutation: You do not regenerate naturally when monsters are visible. [Ru sacrifice]
  9185 | D:9      | Reached * piety under Ru
  9210 | D:9      | Noticed an elephant
  9233 | D:9      | Killed an elephant
  9301 | D:9      | Found a staircase to the Lair.
  9324 | D:9      | Found a shattered altar of Ashenzari.
  9674 | D:9      | Found a flagged portal.
  9694 | Bailey   | Entered a bailey
  9700 | Bailey   | Noticed an orc warlord
  9925 | Bailey   | Found a runed gate.
  9926 | Bailey   | Found a runed gate.
  9928 | Bailey   | Found a runed gate.
 10047 | Bailey   | HP: 21/93 [orc warlord/war axe (19)]
 10080 | Bailey   | Killed an orc warlord
 10080 | Bailey   | Reached skill level 10 in Fighting
 10080 | Bailey   | Reached skill level 14 in Unarmed Combat
 10080 | Bailey   | Reached XP level 11. HP: 55/101 MP: 10/10
 10457 | D:9      | Found a blossoming altar of Fedhas.
 10461 | D:9      | Found a sacrificial altar of Ru.
 10561 | D:9      | Found a deep blue altar of Sif Muna.
 10647 | D:9      | Found a basalt altar of Yredelemnul.
 10766 | Lair:1   | Entered Level 1 of the Lair of Beasts
 10888 | Lair:1   | HP: 27/101 [wolf (5)]
 10890 | Lair:1   | Reached skill level 1 in Throwing
 10894 | Lair:1   | HP: 17/101 [wolf (3)]
 10935 | Lair:1   | Reached skill level 15 in Unarmed Combat
 11232 | Lair:1   | Reached skill level 2 in Throwing
 11489 | Lair:1   | Reached skill level 11 in Fighting
 11840 | Lair:2   | Noticed an eight-headed hydra
 12029 | Lair:2   | Reached skill level 3 in Throwing
 12333 | Lair:2   | HP: 30/102 [eight-headed hydra (12)]
 12440 | Lair:2   | HP: 26/102 [porcupine's spines (6)]
 12947 | Lair:2   | Found a radiant altar of Vehumet.
 13370 | Lair:3   | Found a sparkling altar of Nemelex Xobeh.
 13456 | Lair:3   | Gained mutation: You cannot study or cast Poison magic. [Ru sacrifice]
 13456 | Lair:3   | Gained mutation: You cannot study or cast Transmutations magic. [Ru sacrifice]
 13456 | Lair:3   | Gained mutation: You cannot study or cast Charms magic. [Ru sacrifice]
 13456 | Lair:3   | Reached ** piety under Ru
 13569 | Lair:3   | Reached skill level 2 in Armour
 13569 | Lair:3   | Reached XP level 12. HP: 70/110 MP: 11/11
 13663 | Lair:3   | Noticed an eight-headed hydra
 13898 | Lair:3   | Reached skill level 4 in Throwing
 14157 | Lair:4   | Reached skill level 3 in Armour
 14281 | Lair:4   | Reached skill level 16 in Unarmed Combat
 14825 | Lair:4   | Noticed an eight-headed hydra
 14835 | Lair:4   | Killed an eight-headed hydra
 14835 | Lair:4   | Reached skill level 5 in Throwing
 15300 | Lair:1   | Identified a scroll of acquirement
 15302 | Lair:1   | Got a translucent cloak
 15308 | Lair:1   | Identified the +0 cloak "Ahif" {MR+ Dex+4 Stlth-} (You acquired it on level 1 of the Lair of Beasts)
 15446 | Lair:5   | Reached skill level 4 in Armour
 15610 | Lair:5   | Gained mutation: You are frail (-10% HP). [Ru sacrifice]
 15610 | Lair:5   | Reached *** piety under Ru
 16246 | Lair:5   | Noticed a four-headed hydra
 16272 | Lair:5   | Killed a four-headed hydra
 16272 | Lair:5   | Reached skill level 6 in Throwing
 16276 | Lair:5   | Reached skill level 5 in Armour
 16282 | Lair:5   | HP: 22/99 [blink frog (8)]
 16446 | Lair:5   | Found a hole to the Spider Nest.
 16557 | Lair:6   | Found a staircase to the Swamp.
 16947 | Lair:6   | Reached XP level 13. HP: 80/104 MP: 12/12
 16975 | Lair:6   | Got a translucent helmet
 16981 | Lair:6   | Identified the +1 helmet of Seocawi {Str+5 Int+2} (You found it on level 6 of the Lair of Beasts)
 17049 | Lair:6   | Reached skill level 7 in Throwing
 17049 | Lair:6   | Reached skill level 6 in Armour
 17139 | Lair:6   | Gained mutation: Your magical capacity is low (-10% MP). [Ru sacrifice]
 17360 | Lair:6   | Reached skill level 17 in Unarmed Combat
 17708 | Lair:7   | Reached skill level 8 in Throwing
 17708 | Lair:7   | Reached skill level 7 in Armour
 18639 | Lair:8   | Entered Level 8 of the Lair of Beasts
 18996 | Lair:8   | Reached skill level 8 in Armour
 19023 | Lair:8   | Reached XP level 14. HP: 111/111 MP: 11/11
 19036 | Lair:8   | Reached skill level 9 in Throwing
 19271 | Lair:8   | Reached skill level 18 in Unarmed Combat
 19303 | Lair:8   | Found a staircase to the Slime Pits.
 19342 | Lair:8   | Got a fine marble ring
 19401 | Lair:8   | Gained mutation: Your casting is disrupted. [Ru sacrifice]
 19401 | Lair:8   | Reached **** piety under Ru
 19403 | Lair:8   | Identified the cursed ring of the Forsaken Curses {rPois MR++ EV-2} (You found it on level 8 of the Lair of Beasts)
 19682 | Lair:8   | Reached skill level 9 in Armour
 20148 | Lair:8   | Noticed a dire elephant
 20164 | Lair:8   | Killed a dire elephant
 20186 | Lair:8   | Noticed a dire elephant
 20189 | Lair:8   | Noticed a dire elephant
 20529 | Lair:8   | Killed a dire elephant
 20529 | Lair:8   | Reached skill level 10 in Throwing
 20535 | Lair:8   | Killed a dire elephant
 20769 | Lair:8   | Noticed a dire elephant
 20769 | Lair:8   | Noticed a dire elephant
 20789 | Lair:8   | Killed a dire elephant
 20881 | Lair:8   | Killed a dire elephant
 21152 | D:10     | Entered Level 10 of the Dungeon
 21254 | D:10     | Found a staircase to the Orcish Mines.
 21475 | D:10     | Noticed Snorg
 21507 | D:10     | Killed Snorg
 21896 | D:10     | Found an iron altar of Okawaru.
 21910 | D:10     | Gained mutation: You are missing an eye, making it more difficult to aim. [Ru sacrifice]
 21910 | D:10     | Reached ***** piety under Ru
 22269 | D:10     | Reached skill level 10 in Armour
 22604 | D:10     | Reached XP level 15. HP: 118/118 MP: 12/12
 23083 | Orc:1    | Entered Level 1 of the Orcish Mines
 23083 | Orc:1    | Noticed an orc warlord
 23088 | Orc:1    | Noticed Maud
 23232 | D:10     | HP: 20/118 [orc warlord/great sword (18)]
 23248 | D:10     | HP: 15/118 [orc warlord/great sword (28)]
 23254 | D:10     | Killed an orc warlord
 23254 | D:10     | Reached skill level 12 in Fighting
 23255 | D:10     | HP: 29/118 [orc warrior/glaive[an orc warlord] (9)]
 23373 | D:10     | Killed Maud
 23801 | Orc:1    | Noticed Erica
 23843 | Orc:1    | Killed Erica
 23863 | Orc:1    | Noticed Nergalle
 24042 | Orc:1    | Killed Nergalle
 24162 | Orc:2    | Entered Level 2 of the Orcish Mines
 24162 | Orc:2    | Found a staircase to the Elven Halls.
 24429 | Orc:2    | Found a roughly hewn altar of Beogh.
 24851 | Orc:2    | Reached skill level 19 in Unarmed Combat
 24994 | Orc:2    | HP: 35/119 [orc priest/divine providence (15)]
 25003 | Orc:2    | HP: 25/120 [orc high priest/divine providence (13)]
 25015 | Orc:2    | HP: 10/120 [orc priest/divine providence (15)]
 25022 | Orc:2    | HP: 25/120 [orc priest/divine providence (15)]
 25248 | Orc:2    | Found Utomeul's Gadget Shoppe.
 25266 | Orc:2    | Found Xikepn's Antique Armour Shoppe.
 25266 | Orc:2    | Found Muilleac's Antique Armour Boutique.
 25267 | Orc:2    | Found Unomiu's Antique Weapon Boutique.
 25313 | Orc:2    | Bought a warped plate armour for 1064 gold pieces
 25323 | Orc:2    | Identified the +0 plate armour of an ice cave {Regen+ MP+9 Str+4 Dex-4} (You bought it in a shop on level 2 of the Orcish Mines)
 25853 | D:11     | Reached skill level 11 in Armour
 26155 | D:12     | Noticed Kirke
 26162 | D:12     | Noticed a sphinx
 26166 | D:12     | Reached skill level 13 in Fighting
 26174 | D:12     | HP: 33/121 [wyvern (13)]
 26178 | D:12     | HP: 4/121 [sphinx/divine providence[Kirke] (14)]
 26184 | D:12     | HP: 25/121 [harpy[Kirke] (5)]
 26185 | D:12     | HP: 10/121 [harpy[Kirke] (7)]
 26195 | D:12     | HP: 34/121 [something (3)]
 26470 | D:12     | Killed Kirke
 26559 | D:12     | Gained mutation: Your magical capacity is very low (-20% MP). [Ru sacrifice]
 27451 | D:13     | Found a labyrinth entrance.
 27465 | Lab      | Entered a labyrinth
 27915 | Lab      | Identified the Volume of Arcane Weapons and Talismans
 28536 | D:13     | Reached XP level 16. HP: 90/129 MP: 11/11
 28825 | D:13     | Found a gate to the Vaults.
 29832 | D:14     | Found Zoshrea's Antique Weapon Boutique.
 29982 | D:14     | Reached skill level 12 in Armour
 29988 | D:14     | Reached skill level 14 in Fighting
 30195 | D:15     | Entered Level 15 of the Dungeon
 30529 | D:15     | HP: 34/131 [acid (7)]
 30559 | D:15     | HP: 16/131 [brown ugly thing (5)]
 30562 | D:15     | Found a white marble altar of Elyvilon.
 30789 | D:15     | HP: 36/131 [acid (8)]
 30792 | D:15     | Reached skill level 20 in Unarmed Combat
 30796 | D:15     | HP: 35/131 [burnt (2)]
 31082 | D:15     | Gained mutation: Your casting is seriously disrupted. [Ru sacrifice]
 31408 | D:15     | Found a staircase to the Depths.
 31837 | Lair:1   | Got a pair of smoking gloves
 31843 | Lair:1   | Identified the +0 pair of gloves "Pahesugh" {rN+} (You acquired it on level 1 of the Lair of Beasts)
 31991 | Swamp:1  | Entered Level 1 of the Swamp
 32027 | Swamp:1  | Noticed Josephine
 32100 | Swamp:1  | Killed Josephine
 32108 | Swamp:1  | Reached skill level 1 in Evocations
 32319 | Swamp:1  | Got a sparkling wooden ring
 32386 | Swamp:1  | Identified the ring of Qaomiggor {Fire Str+2} (You found it on level 1 of the Swamp)
 32445 | Swamp:1  | Noticed Frances
 32480 | Swamp:1  | Killed Frances
 32546 | Swamp:1  | Reached skill level 2 in Evocations
 32581 | Swamp:1  | Noticed Louise
 32605 | Swamp:1  | Killed Louise
 32993 | Swamp:2  | Noticed namelastname112's ghost (adept DrWz)
 33025 | Swamp:2  | Killed namelastname112's ghost
 33025 | Swamp:2  | Reached skill level 3 in Evocations
 33312 | Swamp:2  | Reached XP level 17. HP: 104/138 MP: 13/14
 33489 | Swamp:2  | Reached skill level 15 in Fighting
 33510 | Swamp:2  | Reached skill level 4 in Evocations
 34038 | Swamp:2  | HP: 36/140 [swamp worm (16)]
 34172 | Swamp:3  | Reached skill level 13 in Armour
 34207 | Swamp:3  | Noticed Mara
 34745 | Swamp:3  | HP: 33/140 [Mara/demon trident of electrocution (22)]
 34747 | Swamp:3  | HP: 13/140 [Mara (illusionary)/demon trident of electrocution (15)]
 34747 | Swamp:3  | HP: 2/140 [Mara (illusionary)/demon trident of electrocution (11)]
 34748 | Swamp:3  | Noticed Gorice's illusion
 34748 | Swamp:3  | Mangled by Mara (illusionary)

Vault maps used:
D:1:      ncdulo_smallfort
D:2:      nemelex_xobeh_ov_fountains_minmay, nicolae_overflow_crystal_walls,
          kennysheep_pointless_box, xom_teletrap_fun
D:3:      nicolae_dithmenos_through_a_glass_darkly
D:4:      kennysheep_mini, marbit_many_paths, roderic_bipointed_swastika,
          uniq_duvessa
D:5:      vehumet_crystals, grunt_pakellas_basics, enter_ossuary_1, first_bread,
          st_stairs_3, corexii_item_surrounded_by_moat
D:6:      kiku_gazebo_pond_becter, amethyst_overflow_temple_binary,
          dk_noncrumbling_2
D:7:      minmay_temple_entry_junction, serial_undead, serial_undead_f,
          serial_undead_d, serial_undead_e, serial_undead_a,
          nicolae_qazlal_eye_of_the_storm
D:9:      lemuel_doored_altar, led_sif_pool, ashenzari_altar_1,
          lemuel_mausoleum_altar_yredelemnul, david_lair_generic,
          enter_bailey_3, basic_altar
D:10:     kennysheep_town, uniq_snorg
D:12:     hangedman_pestilent_swarm, hangedman_misty_isle, uniq_kirke
D:13:     david_vaults_4, lab_entry_generic
D:14:     serial_shops, nicolae_shop_overgrown_old_shop,
          corexii_leaking_fountain
D:15:     grunt_enter_depths_snipers, minmay_misc_feat_encased, elyvilon_altar_5
Temple:   circular_temple_6
Lair:2:   basic_altar, lemuel_fruit_fields
Lair:3:   basic_altar, st_stairs_8
Lair:4:   serial_bayou_shore_a, grunt_megastairs_5
Lair:5:   spider_nest_entry_rubble, special_room, serial_bayou_pond_a
Lair:6:   swamp_mist
Lair:7:   infiniplex_staircase_pool_2, grunt_megastairs_4, lemuel_fruit_tree,
          lemuel_fruit_fields
Lair:8:   due_jungle_book, minmay_slime_entry_jelly_boxes, special_room,
          lemuel_fruit_fields, lemuel_fruit_fields
Swamp:1:  evilmike_swamp_ruin_house_4, uniq_josephine, uniq_frances, uniq_louise
Swamp:2:  hangedman_swamp_diagram
Swamp:3:  nicolae_swamp_trees_clearing, infiniplex_staircase_pool, uniq_mara
Orc:1:    uniq_erica, uniq_nergalle, uniq_maud
Orc:2:    st_orc_elflike, mines1_david
Lab:      labyrinth_lava_lair, lab_block, nicolae_lab_stuck, nicolae_lab_lava
Ossuary:  ossuary_minmay_scorpions
Bailey:   bailey_axe_bossmonster_kennysheep, bailey

Action                   |  1- 3 |  4- 6 |  7- 9 | 10-12 | 13-15 | 16-18 || total
-------------------------+-------+-------+-------+-------+-------+-------++-------
Melee: Unarmed           |   106 |   234 |   364 |   993 |  1434 |   867 ||  3998
 Fire: Hunting sling     |       |   116 |    97 |    12 |       |       ||   225
       Blowgun           |       |       |       |       |    41 |     3 ||    44
Throw: Stone             |       |     3 |       |       |       |       ||     3
       Tomahawk          |       |     1 |     3 |   114 |   178 |    89 ||   385
       Javelin           |       |       |       |    11 |       |       ||    11
Invok: Sacrifice Essence |       |       |     1 |       |     3 |     1 ||     5
       Sacrifice Purity  |       |       |       |     1 |       |       ||     1
       Reject Sacrifices |       |       |       |     1 |     2 |     1 ||     4
       Sacrifice Arcana  |       |       |       |     1 |       |       ||     1
       Sacrifice Health  |       |       |       |     1 |       |       ||     1
       Power Leap        |       |       |       |       |     3 |       ||     3
       Sacrifice an Eye  |       |       |       |       |     1 |       ||     1
 Abil: Evoke Flight      |       |       |       |     2 |     4 |     4 ||    10
Evoke: Wand              |       |       |       |     4 |     8 |       ||    12
       Sack of spiders   |       |       |       |       |       |     1 ||     1
  Use: Scroll            |     4 |     7 |     9 |    15 |    13 |     5 ||    53
       Potion            |       |       |       |     3 |     7 |     1 ||    11
 Stab: Sleeping          |     3 |       |     2 |       |       |       ||     5
       Invisible         |       |       |       |     8 |    27 |     8 ||    43
       Distracted        |       |       |       |       |     4 |     2 ||     6
       Paralysed         |       |       |       |       |     1 |     2 ||     3
  Eat: Chunk             |     8 |    30 |    38 |   140 |   257 |   105 ||   578

Table legend:
 A = Turns spent in this place as a percentage of turns spent in the entire game.
 B = Non-inter-level travel turns spent in this place as a percentage of non-inter-level travel turns spent in the entire game.
 C = Inter-level travel turns spent in this place as a percentage of turns spent in this place.
 D = Turns resting spent in this place as a percentage of non-inter-level travel turns spent in this place.
 E = Turns spent auto-exploring this place as a percentage of non-inter-level travel turns spent in this place.
 F = Non-inter-level travel turns spent in this place divided by the number of levels of this place that you've seen.
                   A       B       C       D       E      F
               +-------+-------+-------+-------+-------+----------------------
         Total | 100.0 | 100.0 |   0.4 |   0.7 |   3.3 | 511.9
       Dungeon |  47.7 |  47.7 |   0.4 |   0.5 |   4.0 | 521.3
        Temple |   0.0 |   0.0 |  20.0 |   0.0 |  75.0 |   4.0
          Lair |  28.0 |  27.9 |   0.5 |   0.7 |   3.4 | 571.5
         Swamp |   8.7 |   8.7 |   0.3 |   0.6 |   3.3 | 476.0
  Orcish Mines |   7.5 |   7.5 |   0.2 |   1.9 |   1.1 | 613.0
     Labyrinth |   2.9 |   2.9 |   0.0 |   0.0 |   0.0 | 480.0
       Ossuary |   2.5 |   2.6 |   0.0 |   0.5 |   0.2 | 418.0
        Bailey |   2.6 |   2.7 |   0.0 |   0.0 |   0.2 | 435.0
               +-------+-------+-------+-------+-------+----------------------

Vault maps used:
D:1:      ncdulo_smallfort
D:2:      nemelex_xobeh_ov_fountains_minmay, nicolae_overflow_crystal_walls,
          kennysheep_pointless_box, xom_teletrap_fun
D:3:      nicolae_dithmenos_through_a_glass_darkly
D:4:      kennysheep_mini, marbit_many_paths, roderic_bipointed_swastika,
          uniq_duvessa
D:5:      vehumet_crystals, grunt_pakellas_basics, enter_ossuary_1, first_bread,
          st_stairs_3, corexii_item_surrounded_by_moat
D:6:      kiku_gazebo_pond_becter, amethyst_overflow_temple_binary,
          dk_noncrumbling_2
D:7:      minmay_temple_entry_junction, serial_undead, serial_undead_f,
          serial_undead_d, serial_undead_e, serial_undead_a,
          nicolae_qazlal_eye_of_the_storm
D:9:      lemuel_doored_altar, led_sif_pool, ashenzari_altar_1,
          lemuel_mausoleum_altar_yredelemnul, david_lair_generic,
          enter_bailey_3, basic_altar
D:10:     kennysheep_town, uniq_snorg
D:12:     hangedman_pestilent_swarm, hangedman_misty_isle, uniq_kirke
D:13:     david_vaults_4, lab_entry_generic
D:14:     serial_shops, nicolae_shop_overgrown_old_shop,
          corexii_leaking_fountain
D:15:     grunt_enter_depths_snipers, minmay_misc_feat_encased, elyvilon_altar_5
Temple:   circular_temple_6
Lair:2:   basic_altar, lemuel_fruit_fields
Lair:3:   basic_altar, st_stairs_8
Lair:4:   serial_bayou_shore_a, grunt_megastairs_5
Lair:5:   spider_nest_entry_rubble, special_room, serial_bayou_pond_a
Lair:6:   swamp_mist
Lair:7:   infiniplex_staircase_pool_2, grunt_megastairs_4, lemuel_fruit_tree,
          lemuel_fruit_fields
Lair:8:   due_jungle_book, minmay_slime_entry_jelly_boxes, special_room,
          lemuel_fruit_fields, lemuel_fruit_fields
Swamp:1:  evilmike_swamp_ruin_house_4, uniq_josephine, uniq_frances, uniq_louise
Swamp:2:  hangedman_swamp_diagram
Swamp:3:  nicolae_swamp_trees_clearing, infiniplex_staircase_pool, uniq_mara
Orc:1:    uniq_erica, uniq_nergalle, uniq_maud
Orc:2:    st_orc_elflike, mines1_david
Lab:      labyrinth_lava_lair, lab_block, nicolae_lab_stuck, nicolae_lab_lava
Ossuary:  ossuary_minmay_scorpions
Bailey:   bailey_axe_bossmonster_kennysheep, bailey
